 Dungeon Crawl Stone Soup version 0.16-a0-3706-g5dff784 (console) character file.

74 MrRokkomies the Insei (level 4, -3/31 HPs)
             Began as an Octopode Transmuter on Jan 19, 2015.
             Slain by an orc priest (5 damage)
             ... on level 3 of the Dungeon.
             The game lasted 00:05:56 (1993 turns).

MrRokkomies the Insei (Octopode Transmuter)         Turns: 1993, Time: 00:05:56

Health: -3/31      AC:  1    Str:  9    XL:     4   Next: 30%
Magic:  5/7        EV: 12    Int: 16    God:
Gold:   135        SH:  0    Dex: 12    Spells: 2 memorised, 3 levels left

rFire  . . .     SeeInvis .       - Unarmed
rCold  . . .     Clarity  .     (no shield)
rNeg   . . .     SustAb   .     (helmet restricted)
rPois  .         Gourm    .     (no amulet)
rElec  .         Spirit   .     k - ring of protection from magic
rCorr  .         Warding  .     (no ring)
rMut   .         Stasis   .     (no ring)
MR     +....                    (no ring)
Stlth  +++.......               (no ring)
                                (no ring)
                                (no ring)
                                (no ring)

@: somewhat resistant to hostile enchantments, fairly stealthy
A: almost no armour, amphibious, 8 rings, constrict 8, camouflage 1, gelatinous
body 1
a: no special abilities


You were on level 3 of the Dungeon.
You were hungry.

You visited 1 branch of the dungeon, and saw 3 of its levels.

You collected 135 gold pieces.

Inventory:

Missiles
 b - 36 arrows
 e - 39 stones (quivered)
 j - 16 poisoned needles
Jewellery
 k - a ring of protection from magic (left tentacle)
Scrolls
 c - 3 scrolls of identify
 h - 4 scrolls of remove curse
 i - a scroll of teleportation
Books
 d - a book of Changes

   Spells                             Type                      Level
   a - Beastly Appendage              Transmutation                1
   b - Sticks to Snakes               Transmutation                2
   c - Spider Form                    Transmutation/Poison         3
   d - Ice Form                       Ice/Transmutation            4
   e - Blade Hands                    Transmutation                5
Comestibles
 a - 2 bread rations
 f - 4 fruits
 g - a slice of pizza
 m - a meat ration


   Skills:
 * Level 3.1 Fighting
 - Level 2.0 Dodging
 + Level 1.9 Stealth
 * Level 3.5 Unarmed Combat
 - Level 2.0 Spellcasting
 - Level 2.0 Transmutations


You had 3 spell levels left.
You knew the following spells:

 Your Spells              Type           Power        Failure   Level  Hunger
a - Beastly Appendage     Trmt           #.....       10%         1    #......
b - Spider Form           Trmt/Pois      #.........   38%         3    ###....


Dungeon Overview and Level Annotations

Branches:
Dungeon (3/15)

Altars:


Innate Abilities, Weirdness & Mutations

You cannot wear most types of armour.
You are amphibious.
You can wear up to eight rings at the same time.
You can use your tentacles to constrict many enemies at once.
Your skin changes colour to match your surroundings (Stealth).
Your rubbery body absorbs attacks (AC +1).


Message History

The orc is almost dead.
You kill the orc!
You completely miss the orc priest. The orc priest hits you.
* * * LOW HITPOINT WARNING * * *
You hit the orc priest but do no damage.
The orc priest is poisoned.
You hit the orc priest but do no damage.
The orc priest looks even sicker.
The orc priest is moderately wounded.
The orc priest completely misses you.
You hit the orc priest but do no damage.
The orc priest is moderately wounded.
The orc priest misses you.
The orc wizard casts a spell.
The orc wizard blinks!
You hit the orc priest but do no damage.
The orc priest is moderately wounded.
Your transformation has ended.
The orc priest hits you.
You die...

#..# .# # #.<# (##.+
####..######....#
#............##.###
#.###.##...........#
# #.###.#........#
#.# ###.####.... #.#
#.# ..# #.# ### #.#
#@# #o# #ยง# #.# #o#
#.# #.. ##. .


You could see an orc priest and an orc wizard.

Vanquished Creatures
  3 adders (D:2)
  A giant gecko (D:2)
  An ooze (D:2)
  3 orcs (D:3)
  10 bats
  A giant cockroach (D:2)
  2 hobgoblins (D:1)
  4 jackals (D:1)
  A ball python (D:1)
  3 giant newts
  9 goblins
  2 kobolds
  4 rats
44 creatures vanquished.

Notes
Turn   | Place    | Note
--------------------------------------------------------------
     0 | D:1      | MrRokkomies, the Octopode Transmuter, began the quest for the Orb.
     0 | D:1      | Reached XP level 1. HP: 13/13 MP: 3/3
   209 | D:1      | Reached XP level 2. HP: 4/19 MP: 4/4
  1006 | D:1      | Reached XP level 3. HP: 23/25 MP: 6/6
  1173 | D:1      | Learned a level 3 spell: Spider Form
  1301 | D:2      | Reached skill level 1 in Stealth
  1720 | D:2      | Reached XP level 4. HP: 29/31 MP: 5/7
  1993 | D:3      | Slain by an orc priest

Action                   |  1- 3 |  4- 6 || total
-------------------------+-------+-------++-------
Melee: Unarmed           |    94 |    21 ||   115
Throw: Stone             |     1 |       ||     1
 Cast: Beastly Appendage |     3 |       ||     3
       Spider Form       |       |     1 ||     1
  Use: Scroll            |     2 |     1 ||     3
 Stab: Sleeping          |     4 |     2 ||     6
  Eat: Chunk             |     2 |     1 ||     3
